Map: Ephemeron LE

Players

IIIIIIlllIII

  • Race: Terran Terran
  • League: Master
  • Spawn Location: 5:00

Samuel - Winner!

  • Race: Protoss Protoss
  • League: Master
  • Spawn Location: 11:00

VOD

Have the link to the VOD?

Description

Ketroc test

Time

  • Played on: Jan. 7, 2020, 4:06 p.m.
  • Length: 3:14
Show
View Real Time Build Order
Export as new Build Order

IIIIIIlllIII Terran 

Build Orders: Command Center First (CC) 

Get SALT Encoding   

  12  0:01  SCV  
  13  0:13  SCV  
  14  0:17  Supply Depot  
  14  0:25  SCV  
  15  0:39  SCV  
  16  0:51  SCV  
  17  1:05  Command Center  
  17  1:07  SCV  
  18  1:19  SCV  
  18  1:23  Barracks  
  19  1:31  SCV, Refinery  
  20  1:42  Refinery  
  20  1:43  SCV  
  21  1:55  SCV  
  22  2:07  SCV  
  23  2:12  Barracks Tech Lab  
  23  2:22  Engineering Bay  
  23  2:23  Orbital Command  
  23  2:49  Supply Depot  
  23  2:54  Engineering Bay  
Show
View Real Time Build Order
Export as new Build Order

Samuel Protoss - Winner!

Build Orders:  

Get SALT Encoding   

  12  0:00  Probe  
  13  0:12  Probe  
  14  0:17  Pylon  
  14  0:25  Probe (Chrono Boost)  
  15  0:37  Probe (Chrono Boost)  
  15  0:40  Gateway  
  16  0:43  Probe (Chrono Boost)  
  17  0:51  Probe  
  18  0:57  Gateway  
  18  1:03  Probe  
  19  1:09  Assimilator  
  19  1:15  Probe  
  20  1:27  Cybernetics Core, Probe  
  20  1:32  Pylon  
  21  1:55  Nexus  
  21  2:05  Adept (Chrono Boost)  
  23  2:09  Adept (Chrono Boost)  
  24  2:26  Adept (Chrono Boost)  
  26  2:31  Adept  
  26  2:32  Shield Battery  
  28  2:39  Shield Battery  
  28  2:40  Probe  
  31  3:07  Assimilator  
Tags
 
Add a new tag
Caveats
  • Supply blocks, unpowered buildings, or Contaminate may cause inaccurate times.
  • Supply counts are checked every 10 seconds.